Workbook

Sheet STATEMENT 1
A1: 2023-2024 JAMAICA BUDGET
A2: STATEMENT I
A3: REVENUE AND LOAN RECEIPTS
A4: SUMMARY
E6: Original | F6: Consolidated
A7: Head | D7: Account | E7: Estimates | F7: Fund Receipts | G7: Estimates
D8: 2021/2022 | E8: 2022/2023 | F8: 2022/2023 | G8: 2023/2024
F9: (December 2022)
D10: $ | E10: $ | F10: $ | G10: $
B12: I | C12: RECURRENT REVENUE
C14: TAXATION
C15: Customs | D15: 5.2169363e+10 | E15: 59246035025 | F15: 4.5778118e+10 | G15: 63514530000
C16: Income Tax | D16: 1.8925204e+11 | E16: 189590797067 | F16: 1.3060279e+11 | G16: 2.5182962e+11
C17: Stamp Duties | D17: 9.407197e+09 | E17: 10081715475 | F17: 8.7500507e+09 | G17: 1.3074114e+10
C18: Motor Vehicle Licences(Motor Vehicle Act) | D18: 5.3062245e+09 | E18: 5132047500 | F18: 4333301617 | G18: 5.8918779e+09
C19: Other Licences | D19: 6.1579851e+08 | E19: 1.5465412e+09 | F19: 4.0376275e+08 | G19: 2.2423311e+08
C20: Travel Tax | D20: 1.676393e+10 | E20: 15799100000 | F20: 1.8390827e+10 | G20: 28674790000
C21: Betting, Gaming and Lotteries-Duties, Fees and Levies | D21: 5.8641662e+09 | E21: 8023787100 | F21: 6284441130 | G21: 1.070621e+10
C22: Education Tax | D22: 3.4122884e+10 | E22: 36700287000 | F22: 2.8468281e+10 | G22: 4.8119125e+10
C23: Contractors Levy | D23: 2.0834051e+09 | E23: 2540120700 | F23: 2030233504 | G23: 3.1188895e+09
C24: General Consumption Tax | D24: 2.1141395e+11 | E24: 237587065800 | F24: 1.7443349e+11 | G24: 2.7903666e+11
C25: Special Consumption Tax | D25: 8.4894768e+10 | E25: 92072800000 | F25: 7.0827541e+10 | G25: 1.0400281e+11
C26: Environmental Levy | D26: 5332784436 | E26: 5490770000 | F26: 4.749815e+09 | G26: 6.6203685e+09
... C28: Guest Accomodation Room Tax | D28: 2.2294903e+09 | E28: 2577234700 | F28: 2.4352889e+09 | G28: 3.5927524e+09
C29: Minimum Business Tax | D29: 1.4201599e+08 | F29: 87367550 | G29: 0
C30: Quarry Tax | D30: 86359249 | E30: 75600000 | F30: 75271805 | G30: 1.1005458e+08
C31: Import Licences-Trade Board | D31: 3.1004773e+08 | E31: 323848704 | F31: 220380342 | G31: 327036504
C32: Telecommunication Licences | D32: 2.9319105e+09 | E32: 1528653600 | F32: 1.3028717e+09 | G32: 1844736282
C33: TOTAL | D33: 6.2635845e+11 | E33: 6.715361e+11 | F33: 5.0158577e+11 | G33: 8.2429581e+11
B36: II | C36: NON-TAX REVENUE | D36: 9.4936697e+10 | E36: 65398700000 | F36: 4.3228459e+10 | G36: 6.5228522e+10
C37: MISCELLANEOUS RECEIPTS (UNCLASSIFIED) | D37: 0 | F37: 5.3227787e+08
C39: TOTAL RECURRENT REVENUE | D39: 7.2129514e+11 | E39: 7.369348e+11 | F39: 5.4534651e+11 | G39: 8.8952433e+11
B41: III | C41: CAPITAL REVENUE
C42: Land Sales | D42: 0 | E42: 0 | F42: 0 | G42: 0
C43: Loan Repayments | D43: 9.332885e+08 | E43: 1477000000 | F43: 2.7473832e+09 | G43: 1.6833126e+08
C44: Extraordinary Receipts: Miscelleanous | D44: 2.548244e+09 | E44: 32514600000 | F44: 5.5218543e+08 | G44: 15826200000
C46: TOTAL CAPITAL REVENUE | D46: 3.4815325e+09 | E46: 33991600000 | F46: 3.2995687e+09 | G46: 1.5994531e+10
C48: TOTAL RECURRENT AND CAPITAL REVENUE | D48: 7.2477668e+11 | E48: 7.709264e+11 | F48: 5.4864608e+11 | G48: 9.0551886e+11
B51: IV | C51: GRANTS
B52: (I) | C52: TRANSFER FROM CAPITAL DEVELOPMENT FUND
C53: Transfers to Current Account | D53: 135700000 | E53: 4908300000 | F53: 0 | G53: 1283400000
C54: Transfers to Capital Account | D54: 0 | E54: 0 | F54: 0 | G54: 0
C55: Other | D55: 0 | E55: 0 | F55: 58160284 | G55: 0
B57: (II) | C57: EXTERNAL GRANTS
C58: Grants from the European Union | D58: 730862725 | E58: 0 | F58: 1.0011571e+09 | G58: 0
C59: Miscellaneous Grants | D59: 8.846611e+09 | E59: 6459981000 | F59: 77500000 | G59: 0
C60: Other Grants | D60: 0 | E60: 0 | F60: 2.958071e+09 | G60: 6591107000
C61: TOTAL GRANTS | D61: 9.7131737e+09 | E61: 11368281000 | F61: 4.0948884e+09 | G61: 7874507000
B63: V | C63: LOAN RECEIPTS
C64: Loan receipts | D64: 1.619735e+11 | E64: 124130100000 | F64: 5.3404743e+10 | G64: 1.3947247e+11
C66: TOTAL LOAN RECEIPTS | D66: 1.619735e+11 | E66: 124130100000 | F66: 5.3404743e+10 | G66: 1.3947247e+11
C68: TOTAL REVENUE AND LOAN RECEIPTS | D68: 8.9646335e+11 | E68: 9.0642478e+11 | F68: 6.0614571e+11 | G68: 1.0528658e+12
C72: The Consolidated Fund Receipts are subject to change

Sheet STATEMENT 2
C1: 2023/2024 JAMAICA BUDGET
C2: STATEMENT II
C3: DETAILS OF REVENUE AND LOAN RECEIPTS
G5: Consolidated | H5: Original | I5: Fund Receipts | J5: Estimates | K5: Budget | M5: Increase (+) /
F6: REVENUE ITEM DESCRIPTION | G6: Fund Receipts | H6: Estimates | I6: 2022/2023 | J6: 2023/2024 | K6: Increase(+) / | M6: Decrease (-)
G7: 2021/2022 | H7: 2022/2023 | I7: (as at Dec-2022) | J7: ('4) | K7: Decrease (-) | M7: [(2)-(3)]
G8: ('1) | H8: ('2) | I8: ('3) | K8: [(4)-(2)]
C10: CO | D10: S1 | E10: S2 | G10: J$ | H10: J$ | I10: J$ | J10: J$ | K10: J$
F11: TAX REVENUE
A12: 20012 | B12: 000 | C12: 11 | D12: 50 | E12: 01 | F12: Import Duties | G12: ='[1]March 2022'!$E$8 -> 5.2169363e+10 | H12: 59246035025 | I12: 4.5778118e+10 | J12: 63514530000 | K12: =J12-H12 -> 4268494975 | M12: J$
A13: 20056 | B13: 000 | C13: 11 | D13: 01 | E13: 01 | F13: Income Tax-Companies | G13: 9.0006019e+10 | H13: 77522678567 | I13: 3.9259516e+10 | J13: 9.7019483e+10 | K13: =J13-H13 -> 1.9496805e+10
A14: 20056 | B14: 000 | C14: 11 | D14: 01 | E14: 02 | F14: Income Tax- Individuals | G14: 9.8860019e+10 | H14: 88989286500 | I14: 7.0035062e+10 | J14: =115971517645.26+8241828858.87 -> 1.2421335e+11 | K14: =J14-H14 -> 3.522406e+10
A15: 20056 | B15: 000 | C15: 11 | D15: 02 | E15: 01 | F15: Tax on Interest/Dividend | G15: 386000434 | H15: 23078832000 | I15: 21308214589 | J15: =26329415116.34+4267376627.07 -> 3.0596792e+10 | K15: =J15-H15 -> 7.5179597e+09
A16: 20012 | B16: 000 | C16: 11 | D16: 19 | E16: 01 | F16: Stamp Duties (local) | G16: =5007197048.04 -> 5.007197e+09 | H16: 6490290800 | I16: 3.1441152e+09 | J16: 8.6557137e+09 | K16: =J16-H16 -> 2.1654229e+09
A17: 20056 | B17: 000 | C17: 11 | D17: 19 | E17: 01 | F17: Stamp Duties (import) | G17: 4400000000 | H17: 3591424675 | I17: 5.6059355e+09 | J17: 4418400000 | K17: =J17-H17 -> 826975325
A18: 20056 | B18: 000 | C18: 11 | D18: 25 | E18: 01 | F18: Motor Vehicle Licences (Motor Vehicle Act) | G18: 5.3062245e+09 | H18: 5132047500 | I18: 4333301617 | J18: 5.8918779e+09 | K18: =J18-H18 -> 7.5983041e+08 | L18: 2.9512469e+10
A19: 20012 | B19: 000 | C19: 11 | D19: 30 | E19: 03 | F19: Customs Brokers | G19: 1131964.3 | H19: 2866369 | I19: 831500 | J19: 2350928.5 | K19: =J19-H19 -> -515440.5 | L19: 8369141.8 | M19: =#REF!-#REF! -> #REF!
A20: 20056 | B20: 000 | C20: 11 | D20: 30 | E20: 04 | F20: Gaming Machines | G20: 5.0282174e+08 | H20: 1.2732492e+09 | I20: 361289911 | J20: 1.0442891e+09 | K20: =J20-H20 -> -2.2896012e+08
A21: 20056 | B21: 000 | C21: 11 | D21: 30 | E21: 09 | F21: Tourist Shop Licence | G21: 15322360 | H21: 38799400 | I21: 9103805.2 | J21: 31822356 | K21: =J21-H21 -> -6977043.9 | L21: 2.9520838e+10 | M21: =SUM(M18:M19) -> #REF!
A22: 20056 | B22: 000 | C22: 11 | D22: 30 | E22: 10 | F22: Tourist Shop Operators Licence | G22: 25119673 | H22: 63608233 | I22: 11708656 | J22: 52169978 | K22: =J22-H22 -> -11438255
A23: 20056 | B23: 000 | C23: 11 | D23: 30 | E23: 11 | F23: Hotel Licence Duty | G23: 9136202.4 | H23: 23774187 | I23: 2595300 | J23: 19499029 | K23: =J23-H23 -> -4275157.4
A24: 20056 | B24: 000 | C24: 11 | D24: 30 | E24: 99 | F24: Other Licences | G24: 62266569 | H24: 1.4424383e+08 | I24: 18233578 | J24: 1.1839082e+08 | K24: =J24-H24 -> -25853020
A25: 20012 | B25: 000 | C25: 11 | D25: 53 | E25: 01 | F25: Travel Tax | G25: 1.5432824e+10 | H25: 11485945700 | I25: 1.2205926e+10 | J25: 20846572330 | K25: =J25-H25 -> 9360626630 | L25: 4.2196693e+10 | M25: =#REF!-#REF! -> #REF!
A26: 20012 | B26: 000 | C26: 11 | D26: 53 | E26: 02 | F26: Passenger Levy | G26: 1331105455 | H26: 4313154300 | I26: 6.184901e+09 | J26: 7828217670 | K26: =J26-H26 -> 3515063370 | L26: 7.6878802e+10 | M26: =#REF!-#REF! -> #REF!
A27: 20056 | B27: 000 | C27: 11 | D27: 20 | E27: 01 | F27: Betting, Gaming and Lotteries-Duties, Fees and Levies | G27: 5.8641662e+09 | H27: 8023787100 | I27: 6284441130 | J27: 9.6619209e+09 | K27: =J27-H27 -> 1.6381338e+09 | M27: =#REF!-#REF! -> #REF!
A28: 20056 | B28: 000 | C28: 11 | D28: 06 | E28: 01 | F28: Education Tax | G28: 3.4122884e+10 | H28: 36700287000 | I28: 2.8468281e+10 | J28: 4.8119125e+10 | K28: =J28-H28 -> 1.1418838e+10 | L28: 1.1801001e+10 | M28: =#REF!-#REF! -> #REF!
A29: 20056 | B29: 000 | C29: 11 | D29: 07 | E29: 01 | F29: Contractors Levy | G29: 2.0834051e+09 | H29: 2540120700 | I29: 2030233504 | J29: 3.1188895e+09 | K29: =J29-H29 -> 5.7876877e+08
A30: 20012 | B30: 000 | C30: 11 | D30: 15 | E30: 01 | F30: General Consumption Tax | G30: 1.1194697e+11 | H30: 119622219900 | I30: 8.7248766e+10 | J30: 1.564385e+11 | K30: =J30-H30 -> 3.6816284e+10
A31: 20056 | B31: 000 | C31: 11 | D31: 15 | E31: 01 | F31: General Consumption Tax | G31: =91466981046+8000000000 -> 99466981046 | H31: 117964845900 | I31: 8.7184726e+10 | J31: 122598160000 | K31: =J31-H31 -> 4633314100
A32: 20012 | B32: 000 | C32: 11 | D32: 16 | E32: 01 | F32: Special Consumption Tax | G32: 3.1759477e+10 | H32: 29777600000 | I32: 5.0271444e+10 | J32: 3.0631244e+10 | K32: =J32-H32 -> 8.5364367e+08
A33: 20056 | B33: 000 | C33: 11 | D33: 16 | E33: 01 | F33: Special Consumption Tax | G33: 5.3135291e+10 | H33: 62295200000 | I33: 2.0556097e+10 | J33: 7.3371564e+10 | K33: =J33-H33 -> 1.1076364e+10
A34: 20012 | B34: 000 | C34: 11 | D34: 32 | E34: 01 | F34: Environmental Levy | G34: 2832782336 | H34: 731000000 | I34: 3.8370379e+09 | J34: 7.5216474e+08 | K34: =J34-H34 -> 21164738 | L34: 1.2022405e+10 | M34: =SUM(M33:M33) -> 0
A35: 20056 | B35: 000 | C35: 11 | D35: 32 | E35: 01 | F35: Environmental Levy | G35: 2500002100 | H35: 4759770000 | I35: 9.1277709e+08 | J35: 5.8682038e+09 | K35: =J35-H35 -> 1.1084338e+09
A36: 20056 | B36: 000 | C36: 11 | D36: 35 | E36: 01 | F36: Telephone Call Tax | G36: 3.4321151e+09 | H36: 3219695000 | I36: 2411934889 | J36: 3.6079974e+09 | K36: =J36-H36 -> 3.883024e+08
A37: 20056 | B37: 000 | C37: 11 | D37: 20 | E37: 01 | F37: Guest Accomodation Room Tax | G37: 2.2294903e+09 | H37: 2577234700 | I37: 2.4352889e+09 | J37: 3.5927524e+09 | K37: =J37-H37 -> 1.0155177e+09
A38: 20056 | B38: 000 | C38: 11 | D38: 62 | E38: 01 | F38: Minimum Business Tax | G38: 1.4201599e+08 | I38: 87367550 | J38: =H38*5%+H38 -> 0 | K38: =J38-H38 -> 0 | L38: 2.9666369e+09 | M38: =#REF!-#REF! -> #REF!
A39: 68000 | B39: 577 | C39: 11 | D39: 60 | E39: 01 | F39: Quarry Tax | G39: 86359249 | H39: 75600000 | I39: 75271805 | J39: 1.1005458e+08 | K39: =J39-H39 -> 34454579
A40: 50000 | B40: 794 | C40: 11 | D40: 55 | E40: 01 | F40: Import Licences-Trade Board | G40: 3.1004773e+08 | H40: 323848704 | I40: 220380342 | J40: 327036504 | K40: =J40-H40 -> 3187800 | L40: 2.9666369e+09 | M40: =SUM(M38:M39) -> #REF!
A41: 56000 | B41: 761 | C41: 11 | D41: 30 | E41: 01 | F41: Telecommunication Licences | G41: 2.9319105e+09 | H41: 1528653600 | I41: 1.3028717e+09 | J41: 1844736282 | K41: =J41-H41 -> 316082682
F42: TOTAL TAX REVENUE | G42: =SUM(G12:G41) -> 6.2635845e+11 | H42: =SUM(H12:H41) -> 6.715361e+11 | I42: =SUM(I12:I41) -> 5.0158577e+11 | J42: =SUM(J12:J41) -> 8.2429581e+11 | K42: =J42-H42 -> 1.5275971e+11 | L42: =SUM(L12:L41) -> 2.0787385e+11 | M42: =SUM(M12:M41) -> #REF! | N42: =SUM(N12:N41) -> 0
F44: HIS EXCELLENCY THE GOVERNOR GENERAL AND STAFF
A45: 01000 | B45: 000 | C45: 12 | D45: 17 | E45: 14 | F45: Processing Fees
A46: 01000 | B46: 000 | C46: 12 | D46: 99 | E46: 99 | F46: Miscelleanous Receipts | G46: 35000 | H46: 2365 | J46: 4370.8 | K46: =J46-H46 -> 2005.8
F47: TOTAL- HIS EXCELLENCY THE GOVERNOR GENERAL AND STAFF | G47: 35000 | H47: =SUM(H45:H46) -> 2365 | I47: =SUM(I44:I46) -> 0 | J47: =SUM(J45:J46) -> 4370.8 | K47: =SUM(K45:K46) -> 2005.8 | L47: =SUM(L45:L46) -> 0 | M47: =SUM(M45:M46) -> 0 | N47: =SUM(N45:N46) -> 0
F49: HOUSE OF PARLIAMENT | K49: =J49-H49 -> 0
F50: Miscelleanous Fees (Food & Beverage) | H50: 5600000 | J50: 5600000 | K50: =J50-H50 -> 0
F51: TOTAL- HOUSE OF PARLIAMENT | G51: 0 | H51: =SUM(H50) -> 5600000 | I51: =SUM(I50) -> 0 | J51: =SUM(J49:J50) -> 5600000 | K51: =SUM(K49:K50) -> 0 | L51: =SUM(L49:L50) -> 0 | M51: =SUM(M49:M50) -> 0 | N51: =SUM(N49:N50) -> 0
F52: INDECOM | H52: 12000
F54: PUBLIC PROCUREMENT COMMISSION (PPC) | K54: =J54-H54 -> 0
F55: Registration Fees | G55: 0 | H55: 6000000 | I55: ='SUMMARY SHEET AUGUST -DECEMBER'!H61+'SUMMARY SHEET AUGUST -DECEMBER'!H57 -> 3387850 | J55: 7350000 | K55: =J55-H55 -> 1350000
F56: TOTAL- PUBLIC PROCUREMENT COMMISSION | G56: 0 | H56: =H55 -> 6000000 | I56: =SUM(I55) -> 3387850 | J56: =SUM(J54:J55) -> 7350000 | K56: =SUM(K54:K55) -> 1350000 | L56: =SUM(L54:L55) -> 0 | M56: =SUM(M54:M55) -> 0 | N56: =SUM(N54:N55) -> 0
H57: .
F58: AUDITOR GENERAL'S DEPARTMENT
A59: 05000 | B59: 000 | C59: 12 | D59: 16 | E59: 07 | F59: Audit Fees | G59: 300000 | H59: 5000000 | J59: 0 | K59: =J59-H59 -> -5000000 | L59: =SUM(J59:J59) -> 0 | M59: =#REF!-#REF! -> #REF!
A60: 05000 | B60: 000 | C60: 12 | D60: 99 | E60: 99 | F60: Miscelleanous Fees | G60: 1000 | H60: 3000 | I60: ='SUMMARY SHEET AUGUST -DECEMBER'!H66 -> 1000 | J60: 3000 | K60: =-J60-H60 -> -6000
F61: TOTAL- AUDITOR GENERAL'S DEPARTMENT | G61: =SUM(G59:G60) -> 301000 | H61: =SUM(H59:H60) -> 5003000 | I61: =SUM(I59:I60) -> 1000 | J61: =SUM(J59:J60) -> 3000 | K61: =SUM(K59:K60) -> -5006000 | L61: =SUM(L59:L60) -> 0 | M61: =SUM(M59:M60) -> #REF! | N61: =SUM(N59:N60) -> 0
F63: OFFICE OF THE SERVICES COMMISSIONS | L63: =SUM(J63:J63) -> 0 | M63: =#REF!-#REF! -> #REF!
A64: 06000 | B64: 000 | C64: 12 | D64: 17 | E64: 14 | F64: Processing Fees | H64: 7000 | I64: 0 | J64: 7400 | K64: =J64-H64 -> 400 | L64: =SUM(J64:J64) -> 7400 | M64: =#REF!-#REF! -> #REF!
A65: 06000 | B65: 000 | C65: 12 | D65: 99 | E65: 99 | F65: Miscelleanous Fees | H65: 63000 | I65: ='[2]To date'!$M$74+'SUMMARY SHEET AUGUST -DECEMBER'!H71 -> 122199.74 | J65: 67000 | K65: =J65-H65 -> 4000
F66: TOTAL-OFFICE OF THE SERVICES COMMISSIONS | H66: =SUM(H64:H65) -> 70000 | I66: =SUM(I64:I65) -> 122199.74 | J66: =SUM(J64:J65) -> 74400 | K66: =SUM(K64:K65) -> 4400 | L66: =SUM(L64:L65) -> 7400 | M66: =SUM(M64:M65) -> #REF! | N66: =SUM(N64:N65) -> 0
L67: =SUM(J67:J67) -> 0 | M67: =#REF!-#REF! -> #REF!
F68: OFFICE OF THE PRIME MINISTER | L68: =SUM(J68:J68) -> 0 | M68: =#REF!-#REF! -> #REF!
A69: 15000 | B69: 000 | C69: 12 | D69: 10 | E69: 99 | F69: Rental Charges | G69: 975000 | H69: 900000 | J69: 2200000 | K69: =J69-H69 -> 1300000
A70: 15000 | B70: 000 | C70: 12 | D70: 17 | E70: 14 | F70: Irrevocable Order | H70: 10000 | I70: ='[2]To date'!$M$78+'SUMMARY SHEET AUGUST -DECEMBER'!H76 -> 2500 | J70: 10000
A71: 15000 | B71: 000 | C71: 12 | D71: 99 | E71: 99 | F71: Miscelleanous Receipts | G71: 716938.5 | H71: 485000 | I71: ='[2]To date'!$M$79+'SUMMARY SHEET AUGUST -DECEMBER'!H77 -> 3275641.9 | J71: 485000 | K71: =J71-H71 -> 0
F72: TOTAL-OFFICE OF THE PRIME MINISTER | G72: =G71+G69 -> 1691938.5 | H72: =SUM(H69:H71) -> 1395000 | I72: =SUM(I69:I71) -> 3278141.9 | J72: =SUM(J69:J71) -> 2695000 | K72: =SUM(K70:K71) -> 0 | L72: =SUM(L70:L71) -> 0 | M72: =SUM(M70:M71) -> 0 | N72: =SUM(N70:N71) -> 0
F74: ELECTORAL COMMISSION | L74: =SUM(J74:J74) -> 0 | M74: =#REF!-#REF! -> #REF!
A75: 15000 | B75: 204 | C75: 12 | D75: 06 | E75: 15 | F75: Registration and ID Card Service | G75: 0 | H75: 0 | I75: 0 | K75: =J75-H75 -> 0 | L75: =SUM(J75:J75) -> 0 | M75: =#REF!-#REF! -> #REF!
A76: 15000 | B76: 204 | C76: 12 | D76: 99 | E76: 99 | F76: Miscelleanous Receipts | G76: 0 | H76: 0 | I76: 0 | K76: =J76-H76 -> 0 | L76: =SUM(L59:L75) -> 14800 | M76: =SUM(M59:M75) -> #REF!
F77: TOTAL- ELECTORAL COMMISSION | G77: 0 | H77: =H76+H75 -> 0 | I77: =SUM(I75:I76) -> 0 | J77: =SUM(J75:J76) -> 0 | K77: =SUM(K75:K76) -> 0 | L77: =SUM(L75:L76) -> 14800 | M77: =SUM(M75:M76) -> #REF! | N77: =SUM(N75:N76) -> 0
F79: OFFICE OF THE CABINET
A80: 16000 | B80: 000 | C80: 12 | D80: 17 | E80: 14 | F80: Irrevocable Order | H80: 5000 | I80: ='SUMMARY SHEET AUGUST -DECEMBER'!H86 -> 500 | J80: 8000 | K80: =J80-H80 -> 3000
A81: 16000 | B81: 000 | C81: 12 | D81: 99 | E81: 99 | F81: Miscelleanous Receipts | G81: 0 | H81: 10000 | I81: ='[2]To date'!$M$89+'SUMMARY SHEET AUGUST -DECEMBER'!H87 -> 9449 | J81: 14000 | K81: =J81-H81 -> 4000
F82: TOTAL- OFFICE OF THE CABINET | G82: =G81 -> 0 | H82: =SUM(H80:H81) -> 15000 | I82: =SUM(I80:I81) -> 9949 | J82: =SUM(J80:J81) -> 22000 | K82: =SUM(K80:K81) -> 7000 | L82: =SUM(L80:L81) -> 0 | M82: =SUM(M80:M81) -> 0 | N82: =SUM(N80:N81) -> 0
A84: ] | F84: MINISTRY OF TOURISM
A85: 17000 | B85: 000 | C85: 12 | D85: 17 | E85: 14 | F85: Irrevocable Order | H85: 3000 | J85: 5000 | K85: =J85-H85 -> 2000
A86: 17000 | B86: 000 | C86: 12 | D86: 99 | E86: 99 | F86: Miscelleanous Receipts | G86: 223100 | H86: 35000 | I86: 921302.86 | J86: =50000+3000000 -> 3050000 | K86: =J86-H86 -> 3015000
A87: 17000 | B87: 000 | C87: 12 | F87: De- earmarked Funds - TEF/ CHASE | G87: 3.4525594e+09 | H87: 5150363484 | I87: 5.865138e+09 | J87: 8.5483572e+09 | K87: =J87-H87 -> 3.3979937e+09
F88: TOTAL- MINISTRY OF TOURISM | G88: =SUM(G86:G87) -> 3.4527825e+09 | H88: =SUM(H85:H87) -> 5150401484 | I88: =SUM(I85:I87) -> 5.8660593e+09 | J88: =SUM(J85:J87) -> 8.5514122e+09 | K88: =SUM(K85:K87) -> 3.4010107e+09 | L88: =SUM(L85:L87) -> 0 | M88: =SUM(M85:M87) -> 0 | N88: =SUM(N85:N87) -> 0
F90: MINISTRY OF ECONOMIC GROWTH AND JOB CREATION
A91: 19000 | B91: 000 | C91: 12 | D91: 99 | E91: 99 | F91: Miscelleanous Receipts | G91: 651427.58 | H91: 1501811.3 | I91: ='[2]To date'!$M$99+'SUMMARY SHEET AUGUST -DECEMBER'!H97 -> 24621368 | J91: 970415.39 | K91: =J91-H91 -> -531395.93
F92: TOTAL- MINISTRY OF ECONOMIC GROWTH AND JOB CREATION | G92: =G91 -> 651427.58 | H92: =H91 -> 1501811.3 | I92: =SUM(I91) -> 24621368 | J92: =SUM(J91) -> 970415.39 | K92: =SUM(K91) -> -531395.93 | L92: =SUM(L91) -> 0 | M92: =SUM(M91) -> 0 | N92: =SUM(N91) -> 0
F94: NATIONAL LAND AGENCY
A95: 19047 | B95: 000 | C95: 12 | D95: 99 | E95: 99 | F95: Miscellaneous Receipts (50% of Profit) | I95: ='[2]To date'!$I$109 -> 195254476
A96: 19047 | B96: 000 | C96: 12 | D96: 17 | E96: 28 | F96: Assurance Fund (100% of Gross Receipts) | H96: 62856000 | J96: 89631000
A97: 19047 | B97: 000 | C97: 12 | D97: 10 | E97: 03 | F97: Rents - Crown Lands and Other Government Properties | G97: 68060177 | H97: 125924000 | I97: ='[2]To date'!$M$111 -> 58690498 | J97: 178000000 | K97: =J97-H97 -> 52076000
A98: 19047 | B98: 000 | C98: 12 | D98: 10 | E98: 04 | F98: Land Settlement Properties | G98: 8802505.9 | H98: 31559000 | I98: ='[2]To date'!$M$112 -> 303643.75 | J98: 35637000 | K98: =J98-H98 -> 4078000
A99: 19047 | B99: 000 | C99: 12 | D99: 10 | E99: 05 | F99: Rental of Land-Leased properties | G99: 8113455.3 | H99: 0 | I99: 0 | J99: 0 | K99: =J99-H99 -> 0
A100: 19047 | B100: 000 | C100: 12 | D100: 16 | E100: 11 | F100: Attorney's Fee/ Photocopying | G100: 6000 | H100: 0 | I100: ='[2]To date'!$M$113 -> 7623915.7 | J100: 0 | K100: =J100-H100 -> 0
A101: 19047 | B101: 000 | C101: 12 | D101: 99 | E101: 99 | F101: Miscellaneous Receipts | G101: 8031.4 | H101: 274716000 | I101: 2500 | J101: 24849000 | K101: =J101-H101 -> -249867000
A102: 19047 | B102: 000 | C102: 12 | D102: 99 | E102: 99 | F102: Other Receipts (Including Crown Property Sales) | G102: 4.2398931e+08 | H102: 216607000 | J102: 280318000 | K102: =J102-H102 -> 63711000
F103: TOTAL NATIONAL LAND AGENCY | G103: =G102+G101+G100+G99+G98+G97 -> 5.0897948e+08 | H103: =SUM(H96:H102) -> 711662000 | I103: =SUM(I95:I102) -> 2.6187503e+08 | J103: =SUM(J95:J102) -> 608435000 | K103: =SUM(K95:K102) -> -130002000 | L103: =SUM(L95:L102) -> 0 | M103: =SUM(M95:M102) -> 0 | N103: =SUM(N95:N102) -> 0
F106: MINISTRY OF FINANCE AND THE PUBLIC SERVICE
A107: 20000 | B107: 000 | C107: 12 | D107: 06 | E107: 17 | F107: Fees- Banking Licence Registration (1973) - Commercial Banks | G107: 1.5960312e+08 | H107: 474320124 | I107: ='[2]To date'!$M$132+'SUMMARY SHEET AUGUST -DECEMBER'!H130 -> 2.4659019e+08 | J107: 461751612 | K107: =J107-H107 -> -12568512 | L107: =SUM(J107:J107) -> 461751612 | M107: =#REF!-#REF! -> #REF!
A108: 20000 | B108: 000 | C108: 12 | D108: 03 | E108: 06 | F108: Profits in Government owned companies-Dividends and Financial Distribution | G108: 5.4575089e+10 | H108: 14759380000 | I108: ='[2]To date'!$M$133+'SUMMARY SHEET AUGUST -DECEMBER'!H131 -> 1.2129486e+10 | J108: 16649170000 | K108: =J108-H108 -> 1889790000 | L108: =SUM(J108:J108) -> 16649170000 | M108: =#REF!-#REF! -> #REF!
A109: 20000 | B109: 000 | C109: 12 | D109: 99 | E109: 02 | F109: Sale of Unserviceable Stores | G109: 324113.03 | H109: 33743000 | J109: 75000000 | K109: =J109-H109 -> 41257000
A110: 20000 | B110: 000 | C110: 12 | D110: 03 | E110: 07 | F110: BOJ Profits | H110: 1100000000 | K110: =J110-H110 -> -1100000000
A111: 20000 | B111: 000 | C111: 12 | D111: 99 | E111: 05 | F111: Sale of Gazettes | G111: 964837.5 | H111: 2288000 | I111: =188310+105442.5+207337.5+'SUMMARY SHEET AUGUST -DECEMBER'!H134 -> 788392.5 | J111: 2516800 | K111: =J111-H111 -> 228800 | L111: =SUM(L107:L109) -> 17110921612 | M111: =SUM(M107:M108) -> #REF!
A112: 20000 | B112: 000 | C112: 12 | D112: 06 | E112: 19 | F112: Fees-Scotia Bank Jamaica Economic Growth Fund | J112: 0 | K112: =J112-H112 -> 0
A113: 20000 | B113: 000 | C113: 12 | D113: 01 | E113: 10 | F113: Provident Fund | I113: 0 | J113: 0 | K113: =J113-H113 -> 0
...

Sheet STATEMENT 3
B1: 2023-2024 JAMAICA BUDGET
B2: STATEMENT III
B3: Summary of Revenue Estimates and Estimates of Expenditure for the Year 2023-2024
B4: $'000
B5: RECURRENT
A6: REVENUE | G6: EXPENDITURE
D7: Estimates, | I7: Estimates,
D8: 2023/2024 | I8: 2023/2024
A9: I | B9: Taxation Revenue | C9: RECURRENT REVENUE | H9: RECURRENT EXPENDITURE
B11: Customs | C11: Customs | D11: ='STATEMENT 1'!G15 -> 63514530000 | H11: His Excellency the Governor-General and Staff | I11: 445342000
B12: General Consumption Tax | C12: Income Tax | D12: ='STATEMENT 1'!G16 -> 2.5182962e+11 | H12: Houses of Parliament | I12: 1492637000
B13: Special Consumption Tax | C13: Stamp Duties | D13: ='STATEMENT 1'!G17 -> 1.3074114e+10 | H13: Office of the Public Defender | I13: 397925000
B14: Income Tax | C14: Motor Vehicle Licences(Motor Vehicle Act) | D14: ='STATEMENT 1'!G18 -> 5.8918779e+09 | H14: Auditor General | I14: 1210325000
B15: Minimum Business Tax | C15: Other Licences | D15: ='STATEMENT 1'!G19 -> 2.2423311e+08 | H15: Office of the Services Commissions | I15: 505911000
B16: Stamp Duties | C16: Travel Tax | D16: ='STATEMENT 1'!G20 -> 28674790000 | H16: Office of the Children's Advocate | I16: 372207000
B17: Motor Vehicle Licences | C17: Betting, Gaming and Lotteries-Duties, Fees and Levies | D17: ='STATEMENT 1'!G21 -> 1.070621e+10 | H17: Independent Commission of Investigations | I17: 908786000
B18: Other Licences | C18: Education Tax | D18: ='STATEMENT 1'!G22 -> 4.8119125e+10 | H18: Integrity Commission | I18: 1255241000
B19: Travel Tax | C19: Contractors Levy | D19: ='STATEMENT 1'!G23 -> 3.1188895e+09 | H19: Independent Fiscal Commission | I19: 261052000
B20: Betting, Gaming and Lotteries - Duty, Fees, Levies | C20: General Consumption Tax | D20: ='STATEMENT 1'!G24 -> 2.7903666e+11 | H20: Office of the Prime Minister | I20: 10740456000
B21: Education Tax | C21: Special Consumption Tax | D21: ='STATEMENT 1'!G25 -> 1.0400281e+11 | H21: Office of the Cabinet | I21: 1176554000
B22: Contractors Levy | C22: Environmental Levy | D22: ='STATEMENT 1'!G26 -> 6.6203685e+09 | H22: Ministry of Tourism | I22: 12037068000
... B25: Subtotal Taxation | C25: Minimum Business Tax | D25: ='STATEMENT 1'!G29 -> 0 | H25: Ministry of National Security | I25: 117140673000
C26: Quarry Tax | D26: ='STATEMENT 1'!G30 -> 1.1005458e+08 | H26: Ministry of Legal and Constitutional Affairs | I26: 875397000
C27: Import Licences-Trade Board | D27: ='STATEMENT 1'!G31 -> 327036504 | H27: Ministry of Justice | I27: 14334947000
C28: Telecommunication Licences | D28: ='STATEMENT 1'!G32 -> 1844736282 | H28: Ministry of Foreign Affairs and Foreign Trade | I28: 5842136000
H29: Ministry of Labour and Social Security | I29: 16977027000
C30: TOTAL TAX REVENUE | D30: =SUM(D11:D29) -> 8.2429581e+11 | H30: Ministry of Education, Youth and Education | I30: 147410769000
H31: Ministry of Health and Wellness | I31: 119198916000
H32: Ministry of Culture, Gender, Entertainment and Sport | I32: 5361112000
C33: NON-TAX REVENUE | D33: ='STATEMENT 1'!G36 -> 6.5228522e+10 | H33: Ministry of Agriculture and Fisheries | I33: 14035828000
H34: Ministry of Industry, Investment and Commerce | I34: 6472864000
C35: SUBTOTAL NON TAX REVENUE | D35: =D33 -> 6.5228522e+10 | H35: Ministry of Science, Energy and Technology | I35: 11386724000
H36: Ministry of Transport and Mining | I36: 16354350000
H37: Ministry of Local Government and Rural Development | I37: 21854816000
C38: TRANSFERS FROM CAPITAL DEVELOPMENT FUND | D38: ='STATEMENT 1'!G53 -> 1283400000
B42: Subtotal Non-Tax Revenue
H43: GROSS TOTOTAL | I43: =SUM(I11:I37) -> 982377058000
B44: Transfers from Capital Development Fund
H45: Less Appropriations-In-Aid | I45: -36077303000
B51: Total Recurrent Revenue | C51: TOTAL RECURRENT REVENUE | D51: =D30+D33+D38 -> 8.9080773e+11 | H51: TOTAL RECURRENT EXPENDITURE | I51: =I43+I45 -> 946299755000
A53: CAPITAL
A54: REVENUE | G54: EXPENDITURE
D55: Estimates, | I55: Estimates,
D56: 2023/2024 | I56: 2023/2024
B57: Capital Revenue | C57: CAPITAL REVENUE | H57: CAPITAL EXPENDITURE
B59: Royalties | C59: Land Sales | D59: 0 | H59: Office of the Prime Minister | I59: 3734943000
B60: Loan Repayments | C60: Loan Repayments | D60: 1.6833126e+08 | H60: Ministry of Economic Growth and Job Creation | I60: 33012991000
B61: Extraordinary Receipts | C61: Extraordinary Receipts: Miscelleanous | D61: 15826200000 | H61: Ministry of Finance and Public Service | I61: 12703152000
B62: Land Sales | H62: Ministry of National Security | I62: 5936000000
C63: Subt Total Capital Revenue | D63: 1.5994531e+10 | H63: Ministry of Justice | I63: 108776000
B64: Subtotal Capital Revenue | H64: Ministry of Education and Youth | I64: 1553336000
H65: Ministry of Health and Wellness | I65: 6428704000
B66: External Loans | C66: External Loans | H66: Ministry of Agriculture and Fisheries | I66: 7215476000
H67: Ministry of Industry, Investment and Commerce | I67: 810000000
C68: (A) Multilateral | H68: Ministry of Science, Energy and Technology | I68: 967174000
H69: Ministry of Transport and Mining | I69: 689400000
C70: World Bank Loans | D70: 0 | H70: Ministry of Local Government and Rural Development | I70: 2212938000
C71: Inter-American Development Bank | D71: 0
C72: USAID | D72: 0
C73: Caribbean Development Bank | D73: 0
C74: European Union | D74: 0
C75: World Bank/IDB | D75: 0
C76: IFID | D76: 0
C77: OECF/USAID | D77: 0
C78: OPEC | D78: 0
C79: OECF | D79: 0
B80: Total Multilateral | C80: IMF | D80: 6.0330795e+10
C81: IBRD | D81: 0
C82: Other | D82: 0
H83: GROSS TOTOTAL | I83: =SUM(I59:I81) -> 75372890000
C84: Total Multilateral | D84: 6.0330795e+10
H85: Less Appropriations-In-Aid
C86: (B) Bilateral
H87: TOTAL CAPITAL EXPENDITURE | I87: =I85+I83 -> 75372890000
C88: Government of China | D88: 0
C89: Government of Germany | D89: 0
C90: JBIC | D90: 0
B91: Total Bilateral | C91: Kuwait | D91: 0
C92: Saudi | D92: 0
C93: PL480 | D93: 0
C94: Other | D94: 17066369000
B95: Total External Loans
C96: Total Bilateral | D96: 17066369000
B97: Domestic Loans
C98: (C ) Capital Market
C100: Total External Loans | D100: 7.7397164e+10
C102: Domestic Loans
C105: (D) Benchmark Notes & Treasury Bills | D105: 62075307000
C107: (E) Other
B109: Total Domestic Loans | C109: Total Domestic Loan | D109: 62075307000
B111: Total External and Domestic Loans | C111: Total External and Domestic Loans | D111: 1.3947247e+11
A114: SUMMARY
A115: REVENUE | G115: EXPENDITURE
B117: Tax and Non Tax Revenue | D117: =D25+D42 -> 0 | H117: Recurrent Estimates | I117: 946299755000
B118: Capital Revenue | C118: Tax and Non Tax Revenue | D118: 8.8952433e+11 | H118: Capital Estimates | I118: 75372890000
B119: Transfer from the Capital Development Fund | C119: Capital Revenue | D119: 1.5994531e+10
C120: Transfer from Capital Development Fund | D120: 1283400000
B121: Loan Funds (Raised and to be raised) | C121: Loan Funds ( Raised and to be Raised) | D121: 1.3947247e+11
C122: Grants | D122: 6591107000
D123: =D112 -> 0
...

Sheet STATEMENT 4
A1: 2023-2024 JAMAICA BUDGET
A2: STATEMENT IV
A3: Statement of the Financing of the Estimates of Expenditure for the Year 2023-2024
B5: Recurrent Revenue | G5: Recurrent Expenditure
B7: Taxation Revenue | C7: 8.2429581e+11 | G7: Consolidated Fund Charges | H7: 310638168000
B8: Non-Tax Revenue | C8: 6.5228522e+10 | G8: Voted Expenditure | H8: 635661587000
B9: Transfer from the Capital Development Fund | C9: 1283400000 | G9: Current Account Surplus
B11: TOTAL | C11: 8.9080773e+11 | G11: TOTAL | H11: 946299755000
B13: Current Account Surplus
B14: Capital Revenue | C14: 1.5994531e+10
B15: Grants | C15: 6591107000
B16: Loan Funds | G16: CAPITAL EXPENDITURE
B18: (A) External Loans | G18: Consolidated Fund Charges
G19: Voted Expenditure | H19: 75372890000
B20: (i) Multilateral | C20: 6.0330795e+10 | G20: Deficit / Surplus
B21: (ii) Bilateral | C21: 17066369000
B22: (iii) Other
B24: Total External Loans | C24: 7.7397164e+10
B26: (B) Domestic Loans | C26: 62075307000
B28: TOTAL LOAN FUNDS | C28: 1.3947247e+11
B48: TOTAL | C48: 1.0528658e+12 | G48: TOTAL | H48: 1021672645000

Sheet STATEMENT 5
A1: 2023-2024 JAMAICA BUDGET
A2: STATEMENT V
A4: STATEMENT OF STATUTORY EXPENDITURE CHARGED
A5: TO THE CONSOLIDATED FUND
A8: Head | C8: Head of Estimates | F8: Particulars of Service | I8: Amount | L8: Statutory Authority
A9: No.
A12: 01000 | C12: His Excellency the Governor-General and Staff | F12: Emoluments of the Governor-General and his personal staff as well as general expenditure affiliated to the office of the Governor-General | I12: 318255000 | L12: Section 12 of the Governor-General (Expenditure, Personal Staff, Tax Exemptions and Pensions) Act.
A14: 02000 | C14: Houses of Parliament | F14: Salaries and Allowances of the Clerk and Deputy Clerk of the Senate and the House of Representatives. | I14: 19780000 | L14: Section 47 (8) of the Constitution of Jamaica.
A16: 03000 | C16: Office of the Public Defender | F16: Salary and Allowances of the Public Defender. | I16: 22886000 | L16: Section 9 of the Public Defender Interim Act 33/1999
A18: 05000 | C18: Auditor General | F18: Salary of the Auditor General | I18: 18539000 | L18: Section 120–122 of the Constitution of Jamaica; Section 25–36 of the Financial Administration and Audit Act.
A20: 06000 | C20: Office of the Services Commissions | F20: Salaries and Allowances of the Chairman and members of the Public Service Commissions. | I20: 18623000 | L20: Section 124 (8) of the Constitution of Jamaica.
A22: 07000 | C22: Office of the Children's Advocate | F22: Salary of the Children's Advocate | I22: 18083000 | L22: The Child Care and Protection Act, First Schedule
I23: 0
A24: 08000 | C24: Independent Commission of Investigations | F24: Salary of the Commissioner | I24: 16490000 | L24: The Independent Commission of Investigations Act, First Schedule
I25: 0
A26: 09000 | C26: Integrity Commission | F26: Salaries and Allowances for the Commissioners of the Integrity Commission | I26: 38600000 | L26: Section 22 of the Integrity Commission Act
A28: 10000 | C28: Independent Fiscal Commission | F28: Salary of the Commissioner | I28: 15792000 | L28: Section 8 of the Independent Fiscal Commission Act
A30: 20017 | C30: Public Debt Servicing (Amortisation) | F30: Payment for the amortisation of loans raised by the Government of Jamaica. | I30: 125452029000 | L30: Section 119 of the Constitution of Jamaica
A32: 20018 | C32: Public Debt Servicing (Interest Payments) | F32: Payment of interest, service charges and commitment fees in respect of the public debt of Jamaica. | I32: 155157521000 | L32: Section 119 of the Constitution of Jamaica.
A34: 20019 | C34: Pensions | F34: Public Officers Pensions, Gratuities and Monthly Allowances granted in pursuance of the provisions of the Pensions Act. | I34: 9714813000 | L34: Section 4 of the Pensions Act.
F36: Jamaica Defence Force Pension | I36: 2420100000 | L36: Defence (Retired, Pay Pensions and other Grants) Regulation, 1962
F38: Payment of Pensions and Gratuities to Teachers in accordance with the Pensions Act | I38: 10331825000 | L38: The Pensions (Teachers) Act.
F40: Payment of Pensions, Gratuities or other allowances to Sub-Officers and Constables of the Police Force in accordance with the Constabulary Force Act | I40: 4588234000 | L40: Constabulary Force Act.
F42: Payment of retiring allowances, Widows’ allowances or gratuity to legislators in accordance with the provisions of the Retiring Allowance (Legislative Service) Act, and/or The Pensions (Prime Minister) Act. | I42: 255046000 | L42: Section 12 of the Retiring Allowances (Legislative Service) Act and Section 7 of the Pensions (Prime Minister) Act.
F46: Refund of Family Benefits Contributions in accordance with the Provisions of the Pensions (Civil Service Family Benefits) Act. | I46: 53974000 | L46: Section 10 of the Pensions (Civil Service Family Benefits) Act.
F48: Payment of Pensions in accordance with the Provisions of the Pensions (Civil Service Family Benefits) Act. | I48: 646511000 | L48: Pensions (Civil Service Family Benefits) Act.
F50: Payment of Pensions to retired Parish Councillors and/or their widows in accordance with the provisions of the Retiring Allowances (Parish Councillors) Act | I50: 91189000 | L50: Parish Councillors Act 2005
F52: Payment of Pensions to the retired members of the Electoral Commission and their widows | I52: 69488000 | L52: The Pensions Act
F54: Payment of Pensions to the retired Ombudsmen and their widows. | I54: 11000000 | L54: The Ombudsman Act
F56: Governor-General's Pension | I56: 22300000 | L56: Governor General Act
F58: Payment of Pensions to the retired Contractor General and his widow in accordance with the Contractor General Act. | I58: 12500000 | L58: The Contractor General Act
F60: Jamaica Agricultural Society Pensions | I60: 6857000 | L60: Provident Fund Act
F62: Payment of Pensions to the former employees, Jamaica Railway Corporation. | I62: 237209000 | L62: Jamaica Railway Corporation (Pensions) Regulations
F64: Total Pensions | I64: =+SUM(I34:I62) -> 28461046000
A67: 28025 | C67: Director of Public Prosecutions | F67: Payment of Salary to the Director of Public Prosecutions | I67: 14600000 | L67: Section 95 (2) of the Constitution of Jamaica
A69: 28058 | C69: Judiciary | F69: Payment of Salaries to the Judges of the Court of Appeal and the Supreme Court | I69: 1065924000 | L69: Section 107 (1) of the Constitution of Jamaica
F71: Total | I71: =SUM(I12:I32)+I64+SUM(I67:I69) -> 310638168000

Sheet SUMMARY SHEET AUGUST -DECEMBER
A1: Consolidated | B1: August | C1: sept | E1: October | F1: nov | G1: DECEMBER UPDATE
A2: Fund Receipts | B2: Consolidated | C2: Consolidated | F2: Consolidated | G2: Consolidated | H2: Consolidated
A3: 2022/2023 | B3: Fund | C3: Fund | E3: Consolidated | F3: Fund | G3: Fund | H3: Fund
A4: 2022-2023 JAMAICA BUDGET | B4: Receipts | C4: Receipts | E4: Fund | F4: Receipts | G4: Receipts | H4: Receipts
B5: YEAR TO DATE | C5: Total | E5: Receipts | F5: Total | G5: YEAR TO DATE | H5: TOTAL
B6: ('3) | E6: Total | G6: ('3)
A7: REVENUE ITEM DESCRIPTION | F7: J$ | G7: J$
C8: J$ | E8: J$
A9: Import Duties | B9: 5.4526651e+09 | C9: 5.2977482e+09 | E9: 4.8930526e+09 | F9: 5.834021e+09 | G9: 4.9688914e+09 | H9: =B9+C9+E9+F9+G9 -> 2.6446378e+10
A10: Income Tax-Companies | B10: 853347880 | C10: 12120873052 | E10: 878087143 | F10: 1355069916 | G10: 9947823869 | H10: =B10+C10+E10+F10+G10 -> 25155201860
A11: Income Tax-Individuals | B11: 7.2318118e+09 | C11: 7.1092189e+09 | E11: 7564299631 | F11: 7130006109 | G11: 10437243229 | H11: =B11+C11+E11+F11+G11 -> 39472579693
A12: Tax on Interest/Dividend | B12: 2198289309 | C12: 2394436960 | E12: 2.0012818e+09 | F12: 2.4625727e+09 | G12: 3.4482071e+09 | H12: =B12+C12+E12+F12+G12 -> 1.2504788e+10
A13: Stamp Duties | B13: 3.6501067e+08 | C13: 3.3494641e+08 | E13: 3.8754308e+08 | F13: 4.184174e+08 | G13: 4.2367802e+08 | H13: =B13+C13+E13+F13+G13 -> 1.9295956e+09
A14: Stamp Duties | B14: 655828177 | C14: 512588442 | E14: 630944651 | F14: 639927873 | G14: 559700107 | H14: =B14+C14+E14+F14+G14 -> 2998989250
A15: Motor Vehicle Licences (Motor Vehicle Act) | B15: 410773174 | C15: 412279273 | E15: 405572381 | F15: 461070364 | G15: 440413567 | H15: =B15+C15+E15+F15+G15 -> 2130108759
A16: Customs Brokers | B16: 40000 | C16: 160000 | E16: 20000 | F16: 0 | G16: 1500 | H16: =B16+C16+E16+F16+G16 -> 221500
A17: Gaming Machines | B17: 46723213 | C17: 45088955 | E17: 40917703 | F17: 43753081 | G17: 37697773 | H17: =B17+C17+E17+F17+G17 -> 214180725
A18: Tourist Shop Licence | B18: 531729.95 | C18: 276926.83 | E18: 50861.15 | F18: 152660 | G18: 0 | H18: =B18+C18+E18+F18+G18 -> 1012177.9
A19: Tourist Shop Operators Licence | B19: 306245.9 | C19: 405445.52 | E19: 101719.25 | F19: 0 | G19: 0 | H19: =B19+C19+E19+F19+G19 -> 813410.67
A20: Hotel Licence Duty | B20: 0 | C20: 139500 | E20: 11400 | F20: 0 | G20: 900 | H20: =B20+C20+E20+F20+G20 -> 151800
... A39: TOTAL TAX REVENUE | B39: 5.9339815e+10 | C39: 6.3204086e+10 | E39: 4.6752098e+10 | F39: 5.8049256e+10 | G39: 6.497038e+10 | H39: =B39+C39+E39+F39+G39 -> 2.9231563e+11
B40: 0 | G40: 0 | H40: =B40+C40+E40+F40+G40 -> 0
E41: 0 | G41: 0 | H41: =B41+C41+E41+F41+G41 -> 0
A42: HIS EXCELLENCY THE GOVERNOR GENERAL AND STAFF | D42: 0 | G42: 0 | H42: =B42+C42+E42+F42+G42 -> 0
A43: Processing Fees | B43: 0 | C43: 0 | D43: 0 | E43: 0 | F43: 0 | G43: 0 | H43: =B43+C43+E43+F43+G43 -> 0
A44: Miscellaneous Fees | B44: 0 | C44: 0 | D44: 0 | E44: 0 | F44: 0 | G44: 0 | H44: =B44+C44+E44+F44+G44 -> 0
A45: TOTAL- HIS EXCELLENCY THE GOVERNOR GENERAL AND STAFF | B45: 0 | C45: 0 | D45: 0 | E45: 0 | H45: =B45+C45+E45+F45+G45 -> 0
H46: =B46+C46+E46+F46+G46 -> 0
A47: HOUSE OF PARLIAMENT | B47: 0 | C47: 0 | F47: 0 | G47: 0 | H47: =B47+C47+E47+F47+G47 -> 0
A48: Miscellaneous Fees (Food & Beverage) | B48: 0 | C48: 0 | D48: 0 | F48: 0 | G48: 0 | H48: =B48+C48+E48+F48+G48 -> 0
A49: TOTAL-HOUSE OF PARLIAMENT | B49: 0 | C49: 0 | D49: 0 | H49: =B49+C49+E49+F49+G49 -> 0
H50: =B50+C50+E50+F50+G50 -> 0
A51: INDEPENDENT COMMISSION OF INVESTIGATIONS(INDECOM) | B51: 0 | C51: 0 | E51: 0 | F51: 0 | H51: =B51+C51+E51+F51+G51 -> 0
A52: Miscellaneous Fees | B52: 160561.69 | C52: 99481.53 | D52: 99481.53 | E52: 500 | G52: 500 | H52: =B52+C52+E52+F52+G52 -> 261043.22
A53: TOTAL-INDEPENDENT COMMISSION OF INVESTIGATIONS(INDECOM) | B53: 160561.69 | C53: 99481.53 | D53: 99481.53 | E53: 500 | F53: 0 | G53: =G52 -> 500 | H53: =B53+C53+E53+F53+G53 -> 261043.22
B54: 0 | C54: 0 | E54: 0 | F54: 0 | H54: =B54+C54+E54+F54+G54 -> 0
B55: 0 | C55: 0 | F55: 0 | H55: =B55+C55+E55+F55+G55 -> 0
A56: INTEGRITY COMMISSION OF JAMAICA (FORMERLY OFFICE OF THE CONTRACTOR GENERAL) | B56: 0 | C56: 0 | E56: 0 | F56: 0 | G56: 0 | H56: =B56+C56+E56+F56+G56 -> 0
A57: Contractor's Registration Fees | B57: 0 | C57: 0 | D57: 0 | E57: 0 | F57: 500 | G57: 0 | H57: =B57+C57+E57+F57+G57 -> 500
A58: TOTAL - INTEGRITY COMMISSION OF JAMAICA (FORMERLY OFFICE OF THE CONTRACTOR GENERAL) | B58: 0 | C58: 0 | D58: 0 | E58: 0 | F58: 500 | H58: =B58+C58+E58+F58+G58 -> 500
B59: 0 | C59: 0 | F59: 0 | H59: =B59+C59+E59+F59+G59 -> 0
A60: PUBLIC PROCUREMENT COMMISSION (PPC) | B60: 0 | C60: 0 | E60: 0 | F60: 0 | G60: 0 | H60: =B60+C60+E60+F60+G60 -> 0
A61: Registration fee | B61: 0 | C61: 0 | D61: 0 | E61: 3387350 | F61: 0 | H61: =B61+C61+E61+F61+G61 -> 3387350
A62: TOTAL-PUBLIC PROCUREMENT COMMISSION (PPC) | B62: 0 | C62: 0 | E62: 3387350 | F62: 0 | H62: =B62+C62+E62+F62+G62 -> 3387350
B63: 0 | C63: 0 | E63: 0 | F63: 0 | H63: =B63+C63+E63+F63+G63 -> 0
A64: AUDITOR GENERAL'S DEPARTMENT | B64: 0 | C64: 0 | E64: 0 | F64: 0 | G64: 0 | H64: =B64+C64+E64+F64+G64 -> 0
A65: Audit Fees | B65: 0 | C65: 0 | D65: 0 | E65: 500 | F65: 0 | H65: =B65+C65+E65+F65+G65 -> 500
A66: Miscellaneous Fees | B66: 0 | C66: 0 | D66: 0 | E66: 500 | F66: 0 | G66: 500 | H66: =B66+C66+E66+F66+G66 -> 1000
A67: TOTAL - AUDITOR GENERAL'S DEPARTMENT | B67: 0 | C67: 0 | D67: 0 | E67: 0 | F67: 0 | G67: =G66 -> 500 | H67: =B67+C67+E67+F67+G67 -> 500
B68: 0 | C68: 0 | E68: 0 | F68: 0 | H68: =B68+C68+E68+F68+G68 -> 0
A69: OFFICE OF THE SERVICES COMMISSION | B69: 0 | C69: 0 | E69: 0 | F69: 0 | G69: 0 | H69: =B69+C69+E69+F69+G69 -> 0
A70: Processing Fees | B70: 0 | C70: 0 | D70: 0 | E70: 0 | F70: 0 | G70: 0 | H70: =B70+C70+E70+F70+G70 -> 0
A71: Miscellaneous Fees | B71: 5272 | C71: 280 | D71: 280 | E71: 0 | F71: 0 | G71: 0 | H71: =B71+C71+E71+F71+G71 -> 5552
A72: TOTAL - OFFICE OF THE SERVICES COMMISSION | B72: 5272 | C72: 280 | D72: 280 | E72: 0 | F72: 0 | H72: =B72+C72+E72+F72+G72 -> 5552
B73: 0 | C73: 0 | E73: 0 | F73: 0 | H73: =B73+C73+E73+F73+G73 -> 0
A74: OFFICE OF THE PRIME MINISTER | B74: 0 | C74: 0 | F74: 0 | H74: =B74+C74+E74+F74+G74 -> 0
A75: Rental Charges | B75: 0 | C75: 0 | D75: 0 | F75: 0 | H75: =B75+C75+E75+F75+G75 -> 0
A76: Irrevocable Order | B76: 0 | C76: 0 | D76: 0 | E76: 0 | F76: 0 | G76: 500 | H76: =B76+C76+E76+F76+G76 -> 500
A77: Miscellaneous Receipts | B77: 2916192 | C77: 0 | D77: 0 | E77: 22800 | F77: 0 | H77: =B77+C77+E77+F77+G77 -> 2938992
A78: TOTAL - OFFICE OF THE PRIME MINISTER | B78: 2916192 | C78: 0 | D78: 0 | E78: 22800 | F78: 0 | G78: 500 | H78: =B78+C78+E78+F78+G78 -> 2939492
B79: 0 | C79: 0 | E79: 0 | F79: 0 | H79: =B79+C79+E79+F79+G79 -> 0
A80: ELECTORAL COMMISSION | B80: 0 | C80: 0 | E80: 0 | F80: 0 | H80: =B80+C80+E80+F80+G80 -> 0
A81: Registration and ID Card Service | B81: 0 | C81: 0 | D81: 0 | E81: 0 | F81: 0 | H81: =B81+C81+E81+F81+G81 -> 0
A82: Miscellaneous Receipts | B82: 0 | C82: 0 | D82: 0 | E82: 0 | F82: 0 | H82: =B82+C82+E82+F82+G82 -> 0
A83: TOTAL - ELECTORAL COMMISSION | B83: 0 | D83: 0 | F83: 0 | G83: 0 | H83: =B83+C83+E83+F83+G83 -> 0
B84: 0 | C84: 0 | F84: 0 | G84: 0 | H84: =B84+C84+E84+F84+G84 -> 0
A85: OFFICE OF THE CABINET | B85: 0 | C85: 0 | F85: 0 | G85: 0 | H85: =B85+C85+E85+F85+G85 -> 0
A86: Irrevocable Order | B86: 0 | C86: 0 | D86: 0 | E86: 0 | F86: 0 | G86: 500 | H86: =B86+C86+E86+F86+G86 -> 500
A87: Miscellaneous Receipts | B87: 571 | C87: 0 | D87: 0 | E87: 500 | F87: 0 | H87: =B87+C87+E87+F87+G87 -> 1071
A88: TOTAL - OFFICE OF THE CABINET | B88: 571 | C88: 0 | D88: 0 | E88: 500 | F88: 0 | G88: 500 | H88: =B88+C88+E88+F88+G88 -> 1571
B89: 0 | C89: 0 | E89: 0 | F89: 0 | G89: 0 | H89: =B89+C89+E89+F89+G89 -> 0
A90: MINISTRY OF TOURISM | B90: 0 | C90: 0 | E90: 0 | F90: 0 | H90: =B90+C90+E90+F90+G90 -> 0
A91: Irrevocable Order | B91: 0 | C91: 0 | D91: 0 | E91: 0 | F91: 0 | G91: 0 | H91: =B91+C91+E91+F91+G91 -> 0
A92: Miscellaneous Receipts | B92: 63264.51 | C92: 176914.63 | D92: 176914.63 | E92: 53180.57 | F92: 6793.13 | G92: 222631.2 | H92: =B92+C92+E92+F92+G92 -> 522784.04
A93: De- earmarked Funds - TEF/ CHASE | B93: 7.4937126e+08 | C93: 8.2625844e+08 | D93: 8.2625844e+08 | E93: 6.6111154e+08 | F93: 6.0493873e+08 | G93: 5.3293461e+08 | H93: =B93+C93+E93+F93+G93 -> 3.3746146e+09
A94: TOTAL - MINISTRY OF TOURISM | B94: 7.4943452e+08 | C94: =C93+C92 -> 8.2643535e+08 | D94: 8.2643535e+08 | E94: 6.6116472e+08 | F94: 6.0494552e+08 | G94: 5.3315724e+08 | H94: =B94+C94+E94+F94+G94 -> 3.3751374e+09
B95: 0 | C95: 0 | E95: 0 | F95: 0 | H95: =B95+C95+E95+F95+G95 -> 0
A96: MINISTRY OF ECONOMIC GROWTH AND JOB CREATION | B96: 0 | C96: 0 | E96: 0 | F96: 0 | H96: =B96+C96+E96+F96+G96 -> 0
A97: Miscelleanous Receipts | B97: 83370 | C97: 23320 | D97: 23320 | E97: 19520 | F97: 22010 | G97: 0 | H97: =B97+C97+E97+F97+G97 -> 148220
A98: TOTAL - MINISTRY OF ECONOMIC GROWTH AND JOB CREATION | B98: 83370 | C98: =C97 -> 23320 | D98: 23320 | E98: 19520 | F98: 22010 | G98: 0 | H98: =B98+C98+E98+F98+G98 -> 148220
B99: 0 | C99: 0 | E99: 0 | F99: 0 | H99: =B99+C99+E99+F99+G99 -> 0
A100: FORESTRY DEPARTMENT | B100: 0 | C100: 0 | E100: 0 | F100: 0 | H100: =B100+C100+E100+F100+G100 -> 0
A101: Timber Sales | B101: 0 | C101: 0 | D101: 0 | E101: 0 | F101: 0 | G101: 0 | H101: =B101+C101+E101+F101+G101 -> 0
A102: Sale of Seedings | B102: 0 | C102: 0 | D102: 0 | E102: 0 | F102: 0 | G102: 0 | H102: =B102+C102+E102+F102+G102 -> 0
A103: Miscellaneous Receipts | B103: 0 | C103: 0 | D103: 0 | E103: 0 | F103: 0 | G103: 0 | H103: =B103+C103+E103+F103+G103 -> 0
A104: TOTAL- FORESTRY DEPARTMENT | B104: 0 | C104: 0 | D104: 0 | E104: 0 | F104: 0 | G104: 0 | H104: =B104+C104+E104+F104+G104 -> 0
B105: 0 | C105: 0 | E105: 0 | F105: 0 | H105: =B105+C105+E105+F105+G105 -> 0
A106: NATIONAL LAND AGENCY | B106: 0 | C106: 0 | E106: 0 | F106: 0 | H106: =B106+C106+E106+F106+G106 -> 0
A107: Miscelleanous Receipts (50% of Gross Receipts) | B107: 0 | C107: 0 | D107: 0 | E107: 0 | F107: 0 | G107: 0 | H107: =B107+C107+E107+F107+G107 -> 0
A108: Assurance Fund (50% of Gross Receipts) | B108: 0 | C108: 0 | D108: 0 | E108: 0 | F108: 0 | G108: 0 | H108: =B108+C108+E108+F108+G108 -> 0
A109: Rents - Crown Lands and Other Government Properties | B109: 0 | C109: 0 | D109: 0 | E109: 0 | F109: 0 | G109: 0 | H109: =B109+C109+E109+F109+G109 -> 0
A110: Land Settlement Properties | B110: 0 | C110: 0 | D110: 0 | E110: 0 | F110: 0 | G110: 0 | H110: =B110+C110+E110+F110+G110 -> 0
A111: Rental of Land-Leased properties | B111: 0 | C111: 0 | D111: 0 | F111: 0 | G111: 0 | H111: =B111+C111+E111+F111+G111 -> 0
A112: Attorney's Fee/ Photocopying | B112: 0 | C112: 0 | D112: 0 | F112: 0 | G112: 0 | H112: =B112+C112+E112+F112+G112 -> 0
A113: Miscellaneous Receipts | B113: 2500 | C113: 0 | D113: 0 | E113: 0 | F113: 0 | G113: 0 | H113: =B113+C113+E113+F113+G113 -> 2500
A114: Other Receipts (Including Crown Property Sales) | B114: 0 | C114: 0 | D114: 0 | E114: 0 | F114: 0 | G114: 0 | H114: =B114+C114+E114+F114+G114 -> 0
A115: TOTAL -NATIONAL LAND AGENCY | B115: 2500 | C115: 0 | D115: 0 | E115: 0 | F115: 0 | G115: 0 | H115: =B115+C115+E115+F115+G115 -> 2500
B116: 0 | C116: 0 | E116: 0 | F116: 0 | H116: =B116+C116+E116+F116+G116 -> 0
A117: NATIONAL ENVIRONMENT AND PLANNING AGENCY | B117: 0 | C117: 0 | E117: 0 | F117: 0 | H117: =B117+C117+E117+F117+G117 -> 0
A118: Beach and Dredging Licences | B118: 0 | C118: 0 | D118: 0 | E118: 0 | F118: 0 | G118: 0 | H118: =B118+C118+E118+F118+G118 -> 0
...

Sheet Sheet1
